 Dungeon Crawl Stone Soup version 0.31-a0-233-g139696dc86 (webtiles) character file.

Game seed: 10529456360305675973

42 qw the Shooter (level 3, 0/29 HPs)
             Began as a Minotaur Hexslinger on July 8, 2023.
             Slain by an ogre
             ... wielding a +0 giant club
              (15 damage)
             ... on level 2 of the Dungeon.
             The game lasted 00:00:20 (993 turns).

qw the Shooter (Minotaur Hexslinger)                 Turns: 993, Time: 00:00:21

Health: 0/29       AC:  2    Str: 12    XL:     3   Next: 35%
Magic:  3/3        EV: 12    Int: 10    God:
Gold:   86         SH:  0    Dex: 14    Spells: 3/4 levels left

rFire   . . .        Y - +1 sling (drain)
rCold   . . .        (no shield)
rNeg    . . .        c - +0 robe
rPois   .            (helmet restricted)
rElec   .            (no cloak)
rCorr   .            (no gloves)
SInv    .            (no boots)
Will    .....        (no amulet)
Stlth   +            (no ring)
HPRegen 0.24/turn    (no ring)
MPRegen 0.08/turn

%: no passive effects
@: no status effects
A: horns 2, retaliatory headbutt
a: no special abilities


You were on level 2 of the Dungeon.
You visited 1 branch of the dungeon, and saw 2 of its levels.

You collected 86 gold pieces.


Innate Abilities, Weirdness & Mutations

You have a pair of horns on your head.
You reflexively headbutt those who attack you in melee.


   Skills:
 - Level 2.0 Fighting
 + Level 3.9 Ranged Weapons
 - Level 2.1 Dodging
 - Level 1.0 Spellcasting
 - Level 2.0 Hexes


You had 3 spell levels left.
You knew the following spells:

 Your Spells              Type           Power      Damage    Failure   Level
a - Slow                  Hex            16%        N/A       16%         1

Your spell library contained the following spells:

 Spells                   Type           Power      Damage    Failure   Level
 Inner Flame              Hex/Fire       2%         N/A       56%         3
 Portal Projectile        Hex/Tloc       4%         N/A       56%         3
 Cause Fear               Hex            2%         N/A       83%         4

Inventory:

Hand Weapons
 Y - a +1 sling of draining (weapon)
Armour
 a - a +0 leather armour
 c - a +0 robe (worn)
 e - a +0 ring mail
Scrolls
 g - a scroll of teleportation
Potions
 b - a potion of curing {unknown}
 d - a potion of degeneration {unknown}

Dungeon Overview and Level Annotations

Branches:
Dungeon (2/15)

Altars:


Message History

You shoot a sling bullet.
The sling bullet completely misses the ball python.
You shoot a sling bullet. The sling bullet hits the ball python!
You kill the ball python!
There is an open door here.
You now have 86 gold pieces (gained 14).
Things that are here:
a +0 helmet; a rat corpse You see here a ball python corpse.
There is an open door here.
You open the door.
A rat, a hobgoblin and an ogre come into view.
The ogre shouts!
Found a mace.
Enter note:
Enter note: You shoot a sling bullet.
The sling bullet closely misses the hobgoblin.
The sling bullet closely misses the rat.
The sling bullet closely misses the ogre.
The hobgoblin shouts!
You shoot a sling bullet. The sling bullet hits the hobgoblin.
The hobgoblin is severely wounded.
The hobgoblin closely misses you.
You shoot a sling bullet. The sling bullet hits the hobgoblin!
You kill the hobgoblin!
You shoot a sling bullet. The sling bullet hits the rat!
You kill the rat!
You shoot a sling bullet. The sling bullet hits the ogre.
You drain the ogre.
The ogre is moderately wounded.
The ogre hits you with a +0 giant club!
Ouch! That really hurt!
You shoot a sling bullet.
The sling bullet barely misses the ogre.
The ogre barely misses you. You furiously retaliate!
You headbutt the ogre! You shoot a sling bullet.
The sling bullet barely misses the ogre.
The ogre hits you with a +0 giant club!
Ouch! That really hurt!
You die...

>#.##.......#...(...#
#..
.#.##...%...#.......#
#..
.#^##.......#.......#
#.#
.#.###.....###.[[..## ..
.#...##...## ##.%.##
.###.###'#######'#######
.# #....................
.# #...............%....
.# #............@.......
.###.###'#######O#######
.....##...## ...
.#####.....## ..... .#
#.......#....... ##
#.......#.......#
#.......#...)...#
##.....###.....##
##...##


You could see an ogre (drained).

Vanquished Creatures
  An adder (D:2)
  7 ball pythons
  2 endoplasms (D:1)
  2 giant cockroaches (D:1)
  5 hobgoblins
  3 quokkas
  3 bats
  2 frilled lizards
  4 kobolds (D:1)
  3 rats
32 creatures vanquished.

Notes
Turn   | Place    | Note
-------+----------+-------------------------------------------
     0 | D:1      | qw the Minotaur Hexslinger began the quest for the Orb.
     0 | D:1      | Reached XP level 1. HP: 16/16 MP: 1/1
     0 | D:1      | 0 ||| qw: Version: 0.3-a-46-gb1f654a
     0 | D:1      | 0 ||| qw: Game counter: 3355
     0 | D:1      | 0 ||| qw: Melee chars always use a shield: true
     0 | D:1      | 0 ||| qw: God list: Okawaru
     0 | D:1      | 0 ||| qw: Allow faded altars: false
     0 | D:1      | 0 ||| qw: Do Orc after clearing Dungeon:15 true
     0 | D:1      | 0 ||| qw: Do second Lair branch before Depths: true
     0 | D:1      | 0 ||| qw: Lair rune preference: random
     0 | D:1      | 0 ||| qw: Goals: Normal
     0 | D:1      | 0 ||| PLANNING D:1-11
   197 | D:1      | Reached skill level 3 in Ranged Weapons
   197 | D:1      | Reached XP level 2. HP: 23/23 MP: 2/2
   679 | D:1      | 679 ||| DROPPING ring of wizardry.
   680 | D:1      | 680 ||| READING scroll labelled BAQAWK XUIHOU.
   681 | D:1      | 681 ||| READING 2 scrolls labelled MOC JUIBLOBY.
   685 | D:1      | 685 ||| READING scroll labelled IPORPH XUCE.
   686 | D:1      | 686 ||| READING scroll labelled VEODOS TACHYCE.
   687 | D:1      | 687 ||| DRINKING 2 silvery potions.
   688 | D:1      | 688 ||| DROPPING scroll of poison.
   689 | D:1      | 689 ||| DROPPING potion of attraction.
   940 | D:2      | Reached XP level 3. HP: 29/29 MP: 3/3
   986 | D:2      | Noticed an ogre
   993 | D:2      | Slain by an ogre

Levels and vault maps discovered:
D:1:      lightli_arrival_farm, layout_basic, minmay_misc_feat_encased,
          roderic_roman_lattice
D:2:      kennysheep_six_static_rooms, layout_basic, kennysheep_generic_room_12

Skill      XL: |  1  2 |
---------------+-------+-----
Ranged Weapons | 3 |  3.9
Fighting       | 2 |  2.0
Dodging        | |  2.1
Spellcasting   | |  1.0
Hexes          | |  2.0

Action                     || total
---------------------------++-------
   Fire: Sling             ||    73
    Use: Scroll            ||     4
         Potion            ||     1
 Armour: Robe              ||     4
  Dodge: Dodged            ||    20

Table legend:
 A = Non-vault XP
 B = Vault XP
 C = Vault XP percentage of total XP
 D = Non-vault monster count
 E = Vault monster count
 F = Vault count percentage of total count
                 A         B        C        D         E       F
            +---------+---------+-------+---------+---------+-------
      Total |      57 |       4 |   6.6 |      28 |       4 |  12.5
            +---------+---------+-------+---------+---------+-------
        D:1 |      35 |       0 |   0.0 |      22 |       0 |   0.0
        D:2 |      22 |       4 |  15.4 |       6 |       4 |  40.0
            +---------+---------+-------+---------+---------+-------
